 Dungeon Crawl Stone Soup version 0.23.1-37-gaa34b87b72 (webtiles) character file.

Game seed: 4074668355055207183

146 Toshax the Skirmisher (level 5, -4/41 HPs)
             Began as a Demonspawn Chaos Knight on Mar 26, 2019.
             Was a Plaything of Xom.
             Slain by Freyura's ghost (5 damage)
             ... on level 3 of the Dungeon.
             The game lasted 00:04:47 (2006 turns).

Toshax the Skirmisher (Demonspawn Chaos Knight)     Turns: 2006, Time: 00:04:48

Health: -4/41      AC:  4    Str: 15    XL:     5   Next: 7%
Magic:  5/5        EV: 12    Int: 13    God:    Xom [..*...]
Gold:   57         SH:  3    Dex: 13    Spells: 4/4 levels left

rFire    + . .     SeeInvis .   b - +2 dagger (venom)
rCold    . . .     Gourm    .   (no shield)
rNeg     . . .     Faith    .   r - +1 leather armour {rF+}
rPois    .         Spirit   .   (no helmet)
rElec    .         Reflect  +   (no cloak)
rCorr    .         Harm     .   (no gloves)
MR       .....     Rnd*Tele +   (no boots)
Stlth    ++........             q - +3 amulet of reflection
HPRegen  0.13/turn              k - ring of teleportation (curse)
MPRegen  0.09/turn              p - +2 ring of strength

@: lethally poisoned (-4 -> -5)
A: claws 2, nightstalker 1
a: Renounce Religion


You were on level 3 of the Dungeon.
You worshipped Xom.
You were a toy of Xom.
You were hungry.

You visited 1 branch of the dungeon, and saw 4 of its levels.

You collected 57 gold pieces.

Inventory:

Hand Weapons
 a - a +0 falchion of chaos
 b - a +2 dagger of venom (weapon)
Missiles
 g - 5 poisoned javelins (quivered)
 i - 33 stones
 n - a throwing net
 v - 18 sling bullets
Armour
 r - a +1 leather armour of fire resistance (worn)
Magical Staves
 j - an uncursed staff of wizardry
Jewellery
 k - a cursed ring of teleportation (left claw)
 p - a +2 ring of strength (right claw)
 q - a +3 amulet of reflection (around neck)
Wands
 m - a wand of enslavement (12)
Scrolls
 e - a scroll of enchant weapon {unknown}
 h - 2 scrolls of identify {unknown}
 l - a scroll of fear {unknown}
 o - 2 scrolls of magic mapping {unknown}
 w - a scroll of remove curse {unknown}
Potions
 f - a potion of curing {unknown}
 s - a potion of haste {unknown}
 t - a potion of experience {unknown}
Comestibles
 c - 5 rations
 u - a chunk of flesh


   Skills:
 + Level 3.6 Fighting
 - Level 3.0 Long Blades
 + Level 2.5 Armour
 + Level 2.0 Dodging
 * Level 2.1 Unarmed Combat
 + Level 1.1 Evocations


You had 4 spell levels left.
You didn't know any spells.
Your spell library was empty.

Dungeon Overview and Level Annotations

Branches:
Dungeon (4/15)
 Temple: D:4-7

Altars:
Elyvilon
Kikubaaqudgha
Okawaru
Zin

Annotations:
D:3 Freyura's ghost, amateur OpFi


Innate Abilities, Weirdness & Mutations

You have very sharp fingernails.
You are slightly more attuned to the shadows.


Message History

Found a scroll labeled OTIAV HAIDUFUCK.
There is a stone staircase leading up here.
You climb upwards.
Level annotation: Freyura's ghost, amateur OpFi
* * * LOW HITPOINT WARNING * * *
You feel sick.
There is a stone staircase leading down here.
You are too injured to fight recklessly!
Quiver which item? (- for none, * to show all) (? for menu, Esc to quit)
Okay, then.
You drop a scroll labeled DATSAO AKIAMO.
Freyura's ghost closely misses you.
h - 2 scrolls labeled DATSAO AKIAMO (gained 1)
You block Freyura's ghost's attack.
It was a potion of cancellation.
You feel magically purged.
Xom roars with laughter!
* * * LOW HITPOINT WARNING * * *
You feel sick. Freyura's ghost hits you.
You die...
Xom is highly amused!

#.#.#.#.#.# #....).. #.#...#.#
#....... #...#.#.# #.......
#...#.#.# #.......
##############...#.#.#####.......
...................#.#...........
.#######.....#.#.###.#...........
.# #...........#.#........÷.. .#
#........@#.#.'...........
########....####W..###...........
.......'.......†.### ############
########....####.# '≈≈≈≈W #....#
#.# ###### #...)# #.# .## #....#
### .# #....# .# #....#


You could see Freyura's ghost.

Vanquished Creatures
  A bullfrog (D:3)
  2 adders (D:2)
  An ooze (D:1)
  A worm (D:2)
  2 dart slugs (D:1)
  2 leopard geckos (D:1)
  4 orcs (D:3)
  3 giant cockroaches
  2 goblins
  2 hobgoblins (D:1)
  5 jackals
  5 kobolds
  7 bats
  2 frilled lizards
  A leopard gecko zombie (D:3)
  2 rats
42 creatures vanquished.

Vanquished Creatures (collateral kills)
  A jackal (D:3)
1 creature vanquished.

Vanquished Creatures (others)
  An adder (D:3)
  An orc (D:3)
2 creatures vanquished.

Grand Total: 45 creatures vanquished

Notes
Turn   | Place    | Note
-------+----------+-------------------------------------------
     0 | D:1      | Toshax the Demonspawn Chaos Knight began the quest for the
                  | Orb.
     0 | D:1      | Reached XP level 1. HP: 18/18 MP: 1/1
    27 | D:1      | Reached skill level 1 in Dodging
    69 | D:1      | Gained mutation: You have sharp fingernails. [demonic
                  | ancestry]
    69 | D:1      | Reached XP level 2. HP: 19/24 MP: 2/2
   120 | D:1      | XOM: divination: detect items
   270 | D:1      | XOM: god gift: 5 poisoned javelins
   383 | D:1      | XOM: god gift: curved glowing staff {god gift}
   395 | D:1      | Gained mutation: You are slightly more attuned to the
                  | shadows. [demonic ancestry]
   395 | D:1      | Reached XP level 3. HP: 10/29 MP: 3/3
   481 | D:1      | XOM: cloud trail
   769 | D:2      | Reached skill level 1 in Unarmed Combat
   813 | D:2      | XOM: god gift: wand of enslavement (7)
   907 | D:2      | XOM: divination: detect creatures
  1106 | D:2      | Found an ancient bone altar of Kikubaaqudgha.
  1106 | D:2      | Found an iron altar of Okawaru.
  1107 | D:2      | Found a glowing silver altar of Zin.
  1360 | D:2      | Found a white marble altar of Elyvilon.
  1439 | D:2      | XOM: harmless Conj miscast
  1746 | D:3      | Gained mutation: You have very sharp fingernails. [demonic
                  | ancestry]
  1746 | D:3      | Reached XP level 4. HP: 33/35 MP: 4/4
  1965 | D:3      | Found a runed translucent door.
  1965 | D:3      | Noticed a bullfrog
  1966 | D:3      | Noticed Freyura's ghost (amateur OpFi)
  1978 | D:3      | XOM: butterfly on damage
  1992 | D:3      | Killed a bullfrog
  1992 | D:3      | Reached skill level 1 in Evocations
  1992 | D:3      | Reached XP level 5. HP: 9/41 MP: 5/5
  1999 | D:3      | HP: 2/41 [poisoned by an adder]
  2006 | D:3      | HP: 1/41 [poisoned by an adder]
  2006 | D:3      | Slain by Freyura's ghost

Skill      XL: |  1  2  3  4  5 |
---------------+----------------+-----
Dodging        | 1 2 |  2.0
Armour         | 2 |  2.5
Long Blades    | 3 |  3.0
Unarmed Combat | 1 2 |  2.1
Evocations     | 1 |  1.1
Fighting       | |  3.6

Action                   |  1- 3 |  4- 6 || total
-------------------------+-------+-------++-------
Melee: Falchion          |    96 |     6 ||   102
       Dagger            |       |    16 ||    16
Throw: Javelin           |     5 |       ||     5
       Stone             |     2 |       ||     2
Evoke: Wand              |       |     3 ||     3
  Use: Potion            |       |     1 ||     1
 Stab: Confused          |     1 |       ||     1
       Sleeping          |     1 |       ||     1
       Distracted        |       |     1 ||     1
  Eat: Chunk             |     3 |       ||     3
Armor: Leather armour    |    55 |     7 ||    62
Dodge: Dodged            |    96 |    13 ||   109
Block: Other             |     4 |     3 ||     7
       Rpst.: Falchion   |    32 |       ||    32
